 Dungeon Crawl Stone Soup version 0.30-a0-916-g9813417 (webtiles) character file.

Game seed: 606358722725251143

58 Dorkslayer the Covered (level 4, 0/29 HPs)
             Began as a Gargoyle Fighter on Apr 13, 2023.
             Slain by a kobold
             ... wielding a +0 short sword
              (4 damage)
             ... on level 4 of the Dungeon.
             The game lasted 00:04:47 (775 turns).

Dorkslayer the Covered (Gargoyle Fighter)            Turns: 775, Time: 00:04:48

Health: 0/29       AC: 10    Str: 20    XL:     4   Next: 1%
Magic:  4/4        EV:  9    Int:  8    God:
Gold:   16         SH:  4    Dex: 11    Spells: 3/3 levels left

rFire   . . .      SeeInvis .    a - +0 war axe
rCold   . . .      Faith    .    c - +0 buckler
rNeg    + . .      Spirit   .    b - +0 scale mail
rPois   ∞          Reflect  .    (no helmet)
rElec   +          Rampage  .    (no cloak)
rCorr   .                        (no gloves)
Will    .....                    (no boots) Stlth
                                 (no amulet)
HPRegen 0.24/turn                (no ring)
MPRegen 0.09/turn                (no ring)

@: invisible
A: sickness immunity, AC +3, negative energy resistance 1, electricity
resistance, torment resistance 1, petrification resistance
a: no special abilities


You were on level 4 of the Dungeon.
You visited 1 branch of the dungeon, and saw 3 of its levels.

You collected 16 gold pieces.

Inventory:

Hand Weapons
 a - a +0 war axe (weapon)
Armour
 b - a +0 scale mail (worn)
 c - a +0 buckler (worn)
Scrolls
 i - a scroll of teleportation
Potions
 d - 2 potions of might
 f - a potion of berserk rage {unknown}
 g - a potion of brilliance {unknown}
 h - a potion of lignification {unknown}
 k - a potion of curing {unknown}


   Skills:
 + Level 3.6 Fighting
 + Level 2.2 Axes
 + Level 3.6 Armour
 * Level 1.4 Dodging
 + Level 3.6 Shields


You had 3 spell levels left.
You didn't know any spells.
Your spell library contained the following spells:

 Spells                   Type           Power      Damage    Failure   Level
 Magic Dart               Conj           0%         1d3       85%         1
 Sandblast                Erth           0%         2d4       85%         1
 Passwall                 Tmut/Erth      0%         N/A       94%         2
 Searing Ray              Conj           0%         2d4       94%         2
 Stone Arrow              Conj/Erth      0%         3d7       99%         3
 Fulminant Prism          Conj/Hex       0%         3d5       100%        4


Dungeon Overview and Level Annotations

Branches:
Dungeon (2/15)

Altars:


Innate Abilities, Weirdness & Mutations

You are immune to sickness and miasma.
Your stone body is resilient. (AC +3)
You are immune to poison.
You resist negative energy. (rN+)
You are resistant to electric shocks. (rElec)
You are resistant to unholy torment.
You are immune to petrification.


Message History

You kill the quokka!
You hit the endoplasm. The hound barely misses you.
The hound closely misses you. The endoplasm freezes you.
You are frozen.
You miss the hound.
The hound is lightly wounded.
You slash the endoplasm!
You kill the endoplasm!
You block the hound's attack. The hound bites you but does no damage.
The kobold barely misses you. The hound closely misses you.
You have reached level 4!
You feel stronger.
You hit the kobold but do no damage. You miss the hound.
The hound closely misses you. You block the kobold's attack.
The hound bites you but does no damage.
You barely miss the kobold. You closely miss the hound.
The hound bites you but does no damage.
The kobold hits you with a +0 short sword.
The hound closely misses you.
The kobold hits you with a +0 short sword.
An orc opens the door.
An orc comes into view. It is wielding a +0 mace.
The orc shouts! x2
You hit the kobold but do no damage. You closely miss the hound.
You hear an angry hiss.
The hound bites you.
* * * LOW HITPOINT WARNING * * *
An orc comes into view. It is wielding a +0 hand axe.
The kobold hits you with a +0 short sword.
* * * LOW HITPOINT WARNING * * *
The hound bites you but does no damage.
A hound comes into view.
The hound barks!
You hear a shout!
It was a potion of invisibility.
You fade into invisibility!
The hound closely misses you. The orc barely misses you.
The kobold hits you with a +0 short sword.
You die...

. ≈. ...#. .###.. ..#.
. ..##.# # ...##
.##....# .## ...##
...#..##...
##....###.#......
#...#.........#
#..$##..h@....#######
#.).))..Ko...........
#.....##.†'########+.##
#......##..#o
#..##...##..#.' ..
#...###.#.#o # #...#
#.#.#h# ###.# #.#.# #
#.# #.#.#


You could see a hound, an orc (unable to see you) and a kobold (unable to see
you).

Vanquished Creatures
  An adder (D:4)
  2 dart slugs
  An orc (D:4)
  3 ball pythons (D:1)
  4 bats (D:1)
  6 endoplasms
  2 giant cockroaches (D:1)
  3 goblins
  3 hobgoblins
  4 jackals (D:1)
  2 quokkas
  3 frilled lizards (D:1)
  4 kobolds
  2 rats (D:1)
40 creatures vanquished.

Notes
Turn   | Place    | Note
-------+----------+-------------------------------------------
     0 | D:1      | Dorkslayer the Gargoyle Fighter began the quest for the
                  | Orb.
     0 | D:1      | Reached XP level 1. HP: 14/14 MP: 1/1
    56 | D:1      | Reached XP level 2. HP: 9/19 MP: 2/2
   408 | D:1      | Reached XP level 3. HP: 23/23 MP: 3/3
   438 | D:1      | Reached skill level 1 in Dodging
   739 | D:2      | You fall into a shaft and drop 2 floors!
   771 | D:4      | Reached XP level 4. HP: 14/29 MP: 4/4
   775 | D:4      | Slain by a kobold

Illustrated notes

Levels and vault maps discovered:
D:1:      mushboom_english_gardens, layout_basic, minmay_split_cup_large
D:2:      layout_loops_ring
D:4:      black_bear_nest_1, layout_rooms, mainiacjoe_overflow_paths,
          serial_shops, nicolae_stop_n_shop_1, serial_bayou_pond_d,
          chequers_serial_rivers_small_b, minivault_11

Skill      XL: |  1  2  3 |
---------------+----------+-----
Axes           | 2 |  2.2
Dodging        | 1 |  1.4
Fighting       | |  3.6
Armour         | |  3.6
Shields        | |  3.6

Action                     |  1- 3 |  4- 6 || total
---------------------------+-------+-------++-------
  Melee: War axe           |    97 |     3 ||   100
    Use: Scroll            |     2 |       ||     2
         Potion            |       |     1 ||     1
 Armour: Scale mail        |    83 |     3 ||    86
  Dodge: Dodged            |    66 |     4 ||    70
  Block: Buckler           |    30 |     1 ||    31

Table legend: (Time is in decaauts)
 A = Elapsed time spent in this place.
 B = Non-inter-level travel time spent in this place.
 C = Inter-level travel time spent in this place.
 D = Time resting spent in this place.
 E = Time spent auto-exploring this place.
 F = Levels seen in this place.
 G = Mean time per level.
                   A        B        C        D        E       F      G
               +--------+--------+--------+--------+--------+-----+--------+
         Total |    818 |    818 |      0 |      0 |    136 |   3 |  272.7 |
       Dungeon |    818 |    818 |      0 |      0 |    136 |   3 |  272.7 |
               +--------+--------+--------+--------+--------+-----+--------+

Top non-repeatable levels by time:
     D:1: 760 daAuts
     D:4: 43 daAuts
     D:2: 14 daAuts
